Atlantic City Gamblers vs Cape Breton Oilers
Created - Friday, April 14, 2023 at 07:06
Goals
|
| Atlantic City Gamblers |
0 |
3 |
2 |
1 |
6 |
| Cape Breton Oilers |
1 |
2 |
2 |
0 |
5 |
|
Shots
|
| Atlantic City Gamblers |
2 |
13 |
12 |
1 |
28 |
| Cape Breton Oilers |
9 |
8 |
12 |
0 |
29 |
|
1st period
1. Cape Breton Oilers , Alexey Toropchenko 15 (Egor Afanasyev 14) at 17:25
Penalties :
Luke Kunin (ACG) for Tripping (Minor) at 1:04
2nd period
2. Atlantic City Gamblers , Yegor Chinakhov 13 (Boris Katchouk 8, Callan Foote 7) at 0:30
3. Cape Breton Oilers , Jack McBain 12 (Marcus Pettersson 12, Juuso Valimaki 9) at 1:36 (SH)
4. Atlantic City Gamblers , Boris Katchouk 12 (Yegor Chinakhov 14, Jean-Luc Foudy 11) at 2:06 (PP)
5. Cape Breton Oilers , Carl Grundstrom 13 (Max Jones 2, Vladislav Kolyachonok 6) at 8:11
6. Atlantic City Gamblers , Yegor Chinakhov 14 (Jean-Luc Foudy 12) at 18:52 (PP)
Penalties :
Parker Kelly (CBO) for Roughing (Minor) at 0:52, Egor Afanasyev (CBO) for Unsportsmanlike conduct (Minor) at 3:43, Kody Clark (CBO) for Hooking (Minor) at 8:47, Kody Clark (CBO) for Interference (Minor) at 18:22
3rd period
7. Cape Breton Oilers , Hudson Fasching 8 (Juuso Valimaki 10, Egor Afanasyev 15) at 0:47
8. Atlantic City Gamblers , Yegor Chinakhov 15 (Jean-Luc Foudy 13, Layton Ahac 2) at 15:07
9. Atlantic City Gamblers , Boris Katchouk 13 (Yegor Chinakhov 15, Jean-Luc Foudy 14) at 16:13
10. Cape Breton Oilers , Marcus Pettersson 3 (Egor Afanasyev 16, Alexey Toropchenko 8) at 17:34 (PP)
Penalties :
Luke Kunin (ACG) for High sticking (Minor) at 0:50, Luke Evangelista (CBO) for Interference (Minor) at 6:34, Boris Katchouk (ACG) for Roughing (Minor) at 16:51
Overtime #1
11. Atlantic City Gamblers , Luke Kunin 8 (Cody Glass 17) at 0:32 (PP)
Penalties :
Juuso Valimaki (CBO) for Holding (Minor) at 0:15
Goalie Stats
Isaiah Saville (ACG), 24 saves from 29 shots - (0.828), W, 4-3-0, 60:32 minutes
Jack LaFontaine (CBO), 22 saves from 28 shots - (0.786), OTL, 2-4-2, 60:32 minutes
Players Stats for Atlantic City Gamblers
Player Name G A P +/- PIM S H SB GA TA FO MP PP MP PK MP
------------------------------------------------------------------------------------
Alex Beaucage 0 0 0 -1 0 0 2 1 0 0 0/0 14:46 0:44 0:00
Boris Katchouk 2 1 3 2 2 3 2 0 2 0 0/0 17:37 3:24 0:00
Callan Foote 0 1 1 1 0 0 2 0 0 1 0/0 24:23 4:13 2:25
Cam Dineen 0 0 0 -2 0 0 1 0 0 0 0/0 18:24 3:28 2:16
Cody Glass 0 1 1 -2 0 2 1 1 0 0 0/0 23:43 3:05 2:28
Egor Sokolov 0 0 0 -1 0 4 0 2 2 0 1/1 15:42 1:09 0:15
Jakub Lauko 0 0 0 -1 0 3 0 0 0 0 5/7 16:16 0:26 1:40
Jean-Luc Foudy 0 4 4 2 0 0 3 0 0 0 3/12 19:02 3:20 1:37
Layton Ahac 0 1 1 1 0 0 0 1 0 0 0/0 7:21 0:00 0:00
Luke Kunin 1 0 1 -2 4 4 3 3 0 1 11/32 22:41 3:18 0:27
Michael Vukojevic 0 0 0 -1 0 1 0 0 0 0 0/0 10:36 0:00 0:00
Nick Henry 0 0 0 -1 0 0 0 0 1 0 0/0 7:16 0:14 0:00
Nils Hoglander 0 0 0 -1 0 3 1 1 2 0 0/1 19:26 4:03 1:55
Ronald Attard 0 0 0 -2 0 1 1 1 0 2 0/0 18:21 3:28 2:16
Thomas Harley 0 0 0 -1 0 0 0 0 0 0 0/0 10:36 0:00 0:00
Ty Smith 0 0 0 1 0 2 0 1 1 0 0/1 25:12 4:13 2:25
Xavier Bernard 0 0 0 1 0 0 0 0 0 0 0/0 7:21 0:00 0:00
Yegor Chinakhov 3 2 5 2 0 5 1 0 1 0 0/0 18:41 3:20 1:00
Players Stats for Cape Breton Oilers
Player Name G A P +/- PIM S H SB GA TA FO MP PP MP PK MP
------------------------------------------------------------------------------------
Alexey Toropchenko 1 1 2 -1 0 6 3 0 0 0 0/0 18:26 2:00 1:28
Carl Grundstrom 1 0 1 0 0 2 0 0 0 0 0/1 21:24 2:22 1:52
Dylan McIlrath 0 0 0 0 0 0 0 0 0 0 0/0 6:36 0:00 0:42
Egor Afanasyev 0 3 3 0 2 3 3 1 1 0 8/11 19:08 2:00 0:07
Hudson Fasching 1 0 1 1 0 3 2 0 0 1 0/0 12:59 0:19 0:51
J.D. Greenway 0 0 0 0 0 0 1 0 0 0 0/0 5:54 0:00 0:00
Jack McBain 1 0 1 0 0 2 3 0 1 2 22/32 24:49 2:32 5:01
Juuso Valimaki 0 2 2 1 2 1 2 1 0 1 0/0 26:14 2:55 5:08
Kevin Bahl 0 0 0 1 0 0 0 1 0 2 0/0 19:13 1:46 2:06
Kody Clark 0 0 0 1 4 3 1 1 0 0 4/7 14:11 0:00 0:00
Leon Gawanke 0 0 0 -1 0 0 0 1 0 0 0/0 10:32 0:00 0:58
Luke Evangelista 0 0 0 0 2 0 0 0 0 0 0/0 4:06 0:19 0:00
Marcus Pettersson 1 1 2 1 0 3 2 3 1 1 0/0 25:46 2:55 5:18
Max Jones 0 1 1 3 0 1 0 0 0 0 0/1 15:28 0:09 1:30
Parker Kelly 0 0 0 -1 2 0 1 0 0 2 0/2 23:05 2:22 3:29
Philip Broberg 0 0 0 -1 0 2 1 0 1 0 0/0 10:09 0:00 0:11
Vladislav Kolyachonok 0 1 1 1 0 2 2 0 0 0 0/0 18:42 1:46 1:57
Will Cuylle 0 0 0 -1 0 1 0 1 0 0 0/0 17:23 2:00 0:54
3 Stars
1 - Yegor Chinakhov (ACG)
2 - Jean-Luc Foudy (ACG)
3 - Boris Katchouk (ACG)
Power Play
Atlantic City Gamblers - 3 on 6 Attempt(s) - 50.00%
Cape Breton Oilers - 1 on 3 Attempt(s) - 33.33%
Penalty Kill
Atlantic City Gamblers - 2 on 3 Attempt(s) - 66.67%
- Score 0 goal in Penalty Kill
Cape Breton Oilers - 3 on 6 Attempt(s) - 50.00%
- Score 1 goal in Penalty Kill
Team Stat
Atlantic City Gamblers - Hits : 17 - Faceoff Wins : 20 - Blocked Shots : 11 - Penalty Minutes : 6
Cape Breton Oilers - Hits : 21 - Faceoff Wins : 34 - Blocked Shots : 9 - Penalty Minutes : 12
Official
Referees : Kendrick Nicholson and Steve Kozari
Linesman : Brian Mach and Jay Sharrers
Game Notes
0:47 of 3rd period - Cape Breton Oilers goal is going for a video replay. After video review, Goal.
15:07 of 3rd period - Atlantic City Gamblers goal is going for a video replay. After video review, Goal.
Yegor Chinakhov has scored a Hat Trick!
Atlantic City Gamblers
5 vs 5 Forward
Center Left Wing Right Wing Time % Phy DF OF
1 Luke Kunin Nils Hoglander Cody Glass 40 1 2 2
2 Jean-Luc Foudy Boris Katchouk Yegor Chinakhov 30 1 2 2
3 Jakub Lauko Egor Sokolov Alex Beaucage 20 1 2 2
4 Luke Kunin Cody Glass Nick Henry 10 1 2 2
5 vs 5 Defense
Defense Defense Time % Phy DF OF
1 Ty Smith Callan Foote 40 1 2 2
2 Ronald Attard Cam Dineen 30 1 2 2
3 Thomas Harley Michael Vukojevic 20 1 2 2
4 Xavier Bernard Layton Ahac 10 1 2 2
PowerPlay Forward
Center Left Wing Right Wing Time % Phy DF OF
1 Luke Kunin Nils Hoglander Cody Glass 60 1 2 2
2 Jean-Luc Foudy Boris Katchouk Yegor Chinakhov 40 1 2 2
PowerPlay Defense
Defense Defense Time % Phy DF OF
1 Ty Smith Callan Foote 60 1 2 2
2 Ronald Attard Cam Dineen 40 1 2 2
Penalty Kill 4 Players Forward
Center Wing Time % Phy DF OF
1 Luke Kunin Cody Glass 60 1 2 2
2 Nils Hoglander Yegor Chinakhov 40 1 2 2
Penalty Kill 4 Players Defense
Defense Defense Time % Phy DF OF
1 Ty Smith Callan Foote 60 1 2 2
2 Ronald Attard Cam Dineen 40 1 2 2
Penalty Kill - 3 Players Forward
Forward Time % Phy DF OF
1 Luke Kunin 60 1 2 2
2 Cody Glass 40 1 2 2
Penalty Kill - 3 Players Defense
Defense Defense Time % Phy DF OF
1 Ty Smith Callan Foote 60 1 2 2
2 Ronald Attard Cam Dineen 40 1 2 2
4 vs 4 Forward
Center Wing Time % Phy DF OF
1 Luke Kunin Cody Glass 60 1 2 2
2 Nils Hoglander Yegor Chinakhov 40 1 2 2
4 vs 4 Defense
Defense Defense Time % Phy DF OF
1 Ty Smith Callan Foote 60 1 2 2
2 Ronald Attard Cam Dineen 40 1 2 2
Last Minutes Offensive
Center Left Wing Right Wing Defense Defense
Luke Kunin Nils Hoglander Cody Glass Ty Smith Callan Foote
Last Minutes Defensive
Center Left Wing Right Wing Defense Defense
Luke Kunin Nils Hoglander Cody Glass Ty Smith Callan Foote
Goaltenders
Starting : Isaiah Saville
Backup : Tuukka Rask
Extra Forwards
Normal : Egor Sokolov, Alex Beaucage, Jakub Lauko - PP : Egor Sokolov, Alex Beaucage - PK : Jakub Lauko
Extra Defensemen
Normal : Thomas Harley, Michael Vukojevic, Xavier Bernard - PP : Thomas Harley - PK : Michael Vukojevic, Xavier Bernard
Penalty Shots
Luke Kunin, Cody Glass, Nils Hoglander, Yegor Chinakhov, Boris Katchouk
Cape Breton Oilers
5 vs 5 Forward
Center Left Wing Right Wing Time % Phy DF OF
1 Jack McBain Carl Grundstrom Parker Kelly 40 1 2 2
2 Egor Afanasyev Will Cuylle Alexey Toropchenko 30 1 2 2
3 Kody Clark Max Jones Hudson Fasching 20 1 2 2
4 Jack McBain Parker Kelly Kody Clark 10 1 2 2
5 vs 5 Defense
Defense Defense Time % Phy DF OF
1 Marcus Pettersson Juuso Valimaki 40 1 2 2
2 Kevin Bahl Vladislav Kolyachonok 30 1 2 2
3 Philip Broberg Leon Gawanke 20 1 2 2
4 Dylan McIlrath J.D. Greenway 10 1 2 2
PowerPlay Forward
Center Left Wing Right Wing Time % Phy DF OF
1 Jack McBain Carl Grundstrom Parker Kelly 60 1 2 2
2 Egor Afanasyev Will Cuylle Alexey Toropchenko 40 1 2 2
PowerPlay Defense
Defense Defense Time % Phy DF OF
1 Marcus Pettersson Juuso Valimaki 60 1 2 2
2 Kevin Bahl Vladislav Kolyachonok 40 1 2 2
Penalty Kill 4 Players Forward
Center Wing Time % Phy DF OF
1 Jack McBain Parker Kelly 60 1 2 2
2 Carl Grundstrom Alexey Toropchenko 40 1 2 2
Penalty Kill 4 Players Defense
Defense Defense Time % Phy DF OF
1 Marcus Pettersson Juuso Valimaki 60 1 2 2
2 Kevin Bahl Vladislav Kolyachonok 40 1 2 2
Penalty Kill - 3 Players Forward
Forward Time % Phy DF OF
1 Jack McBain 60 1 2 2
2 Parker Kelly 40 1 2 2
Penalty Kill - 3 Players Defense
Defense Defense Time % Phy DF OF
1 Marcus Pettersson Juuso Valimaki 60 1 2 2
2 Kevin Bahl Vladislav Kolyachonok 40 1 2 2
4 vs 4 Forward
Center Wing Time % Phy DF OF
1 Jack McBain Parker Kelly 60 1 2 2
2 Carl Grundstrom Alexey Toropchenko 40 1 2 2
4 vs 4 Defense
Defense Defense Time % Phy DF OF
1 Marcus Pettersson Juuso Valimaki 60 1 2 2
2 Kevin Bahl Vladislav Kolyachonok 40 1 2 2
Last Minutes Offensive
Center Left Wing Right Wing Defense Defense
Jack McBain Carl Grundstrom Parker Kelly Marcus Pettersson Juuso Valimaki
Last Minutes Defensive
Center Left Wing Right Wing Defense Defense
Jack McBain Carl Grundstrom Parker Kelly Marcus Pettersson Juuso Valimaki
Goaltenders
Starting : Jack LaFontaine
Backup : Matthew Villalta
Extra Forwards
Normal : Luke Evangelista, Hudson Fasching, Max Jones - PP : Luke Evangelista, Hudson Fasching - PK : Max Jones
Extra Defensemen
Normal : Philip Broberg, Leon Gawanke, Dylan McIlrath - PP : Philip Broberg - PK : Leon Gawanke, Dylan McIlrath
Penalty Shots
Jack McBain, Parker Kelly, Carl Grundstrom, Alexey Toropchenko, Egor Afanasyev
% Time on Ice - Atlantic City Gamblers
Lines # - Real PCT - Wanted PCT - Time Play
Normal Forward
1 - 28% - 40% - 13:11
2 - 30% - 30% - 14:10
3 - 29% - 20% - 13:37
4 - 14% - 10% - 6:40
Normal Defense
1 - 36% - 40% - 17:04
2 - 26% - 30% - 12:37
3 - 22% - 20% - 10:36
4 - 15% - 10% - 7:21
PP Forward
1 - 56% - 60% - 4:17
2 - 44% - 40% - 3:24
PP Defense
1 - 55% - 60% - 4:13
2 - 45% - 40% - 3:28
PK Forward
1 - 83% - 60% - 3:52
2 - 17% - 40% - 0:49
PK Defense
1 - 52% - 60% - 2:25
2 - 48% - 40% - 2:16
PK3 Forward
1 - 0% - 60%
2 - 0% - 40%
PK3 Defense
1 - 0% - 60%
2 - 0% - 40%
44 Forward
1 - 100% - 60% - 0:32
2 - 0% - 40% - 0:00
44 Defense
1 - 100% - 60% - 0:32
2 - 0% - 40% - 0:00
Last Minute Offensive - 0:00
Last Minute Defensive - 0:00
Total
Forward - 60:32
Defense - 60:32
|
% Time on Ice - Cape Breton Oilers
Lines # - Real PCT - Wanted PCT - Time Play
Normal Forward
1 - 38% - 40% - 17:57
2 - 32% - 30% - 15:25
3 - 23% - 20% - 10:45
4 - 7% - 10% - 3:31
Normal Defense
1 - 36% - 40% - 17:11
2 - 31% - 30% - 14:59
3 - 20% - 20% - 9:34
4 - 12% - 10% - 5:54
PP Forward
1 - 57% - 60% - 2:41
2 - 43% - 40% - 2:00
PP Defense
1 - 62% - 60% - 2:55
2 - 38% - 40% - 1:46
PK Forward
1 - 81% - 60% - 6:13
2 - 19% - 40% - 1:28
PK Defense
1 - 75% - 60% - 5:44
2 - 25% - 40% - 1:57
PK3 Forward
1 - 100% - 60% - 0:16
2 - 0% - 40% - 0:00
PK3 Defense
1 - 100% - 60% - 0:16
2 - 0% - 40% - 0:00
44 Forward
1 - 100% - 60% - 0:16
2 - 0% - 40% - 0:00
44 Defense
1 - 100% - 60% - 0:16
2 - 0% - 40% - 0:00
Last Minute Offensive - 0:00
Last Minute Defensive - 0:00
Total
Forward - 60:32
Defense - 60:32
|
Play-by-Play
1st period
0:01 of 1st period - Jack McBain wins face-off versus Luke Kunin in neutral zone.
0:36 of 1st period - Wrist shot by Yegor Chinakhov.
0:36 of 1st period - Shot Misses the Net.
0:48 of 1st period - Jakub Lauko is hit by Hudson Fasching.
0:56 of 1st period - Slapshot by Philip Broberg.
0:56 of 1st period - Stopped by Isaiah Saville with a rebound.
0:58 of 1st period - Wrist shot by Kody Clark.
0:58 of 1st period - Stopped by Isaiah Saville with a rebound.
1:00 of 1st period - Slapshot by Philip Broberg.
1:00 of 1st period - Stopped by Isaiah Saville without a rebound.
1:01 of 1st period - Luke Kunin wins face-off versus Jack McBain in Atlantic City Gamblers zone.
1:01 of 1st period - Luke Kunin is hit by Parker Kelly.
1:04 of 1st period - Minor Penalty to Luke Kunin for Tripping.
1:05 of 1st period - Jack McBain wins face-off versus Jakub Lauko in Atlantic City Gamblers zone.
3:04 of 1st period - Penalty to Luke Kunin is over, Luke Kunin is back on ice.
3:27 of 1st period - Wrist shot by Jakub Lauko.
3:27 of 1st period - Shot Misses the Net.
3:29 of 1st period - Slapshot by Ronald Attard.
3:29 of 1st period - Shot Blocked by Leon Gawanke.
4:01 of 1st period - Cam Dineen is hit by Alexey Toropchenko.
4:10 of 1st period - Icing by Egor Sokolov.
4:11 of 1st period - Egor Sokolov wins face-off versus Kody Clark in Atlantic City Gamblers zone.
6:25 of 1st period - Icing by Alex Beaucage.
6:26 of 1st period - Kody Clark wins face-off versus Luke Kunin in Atlantic City Gamblers zone.
6:41 of 1st period - Wrist shot by Egor Sokolov.
6:41 of 1st period - Shot Misses the Net.
6:43 of 1st period - Snap shot by Egor Sokolov.
6:43 of 1st period - Stopped by Jack LaFontaine with a rebound.
6:45 of 1st period - Slapshot by Alex Beaucage.
6:45 of 1st period - Shot Misses the Net.
7:07 of 1st period - Alexey Toropchenko is hit by Ronald Attard and loses puck.
8:31 of 1st period - Nils Hoglander is hit by Egor Afanasyev and loses puck.
10:18 of 1st period - Juuso Valimaki is hit by Callan Foote and loses puck.
11:53 of 1st period - Jean-Luc Foudy is hit by J.D. Greenway and loses puck.
12:40 of 1st period - Boris Katchouk is hit by Alexey Toropchenko.
12:41 of 1st period - Icing by Boris Katchouk.
12:42 of 1st period - Egor Afanasyev wins face-off versus Ty Smith in Atlantic City Gamblers zone.
13:35 of 1st period - Jean-Luc Foudy is hit by Marcus Pettersson and loses puck.
13:53 of 1st period - Icing by Hudson Fasching.
13:54 of 1st period - Luke Kunin wins face-off versus Jack McBain in Cape Breton Oilers zone.
14:23 of 1st period - Cam Dineen is hit by Hudson Fasching and loses puck.
14:57 of 1st period - Parker Kelly is hit by Cody Glass and loses puck.
15:20 of 1st period - Icing by Kody Clark.
15:21 of 1st period - Luke Kunin wins face-off versus Kody Clark in Cape Breton Oilers zone.
15:38 of 1st period - Jean-Luc Foudy is hit by Egor Afanasyev and loses puck.
16:36 of 1st period - Kevin Bahl is hit by Jean-Luc Foudy and loses puck.
16:40 of 1st period - Icing by Kevin Bahl.
16:41 of 1st period - Luke Kunin wins face-off versus Jack McBain in Cape Breton Oilers zone.
16:57 of 1st period - Off-side.
16:58 of 1st period - Jakub Lauko wins face-off versus Egor Afanasyev in neutral zone.
17:01 of 1st period - Snap shot by Egor Sokolov.
17:01 of 1st period - Stopped by Jack LaFontaine with a rebound.
17:06 of 1st period - Off-side.
17:07 of 1st period - Jack McBain wins face-off versus Luke Kunin in neutral zone.
17:21 of 1st period - Icing by Ty Smith.
17:22 of 1st period - Egor Afanasyev wins face-off versus Luke Kunin in Atlantic City Gamblers zone.
17:25 of 1st period - Snap shot by Alexey Toropchenko.
17:25 of 1st period - Deflect By Nils Hoglander.
17:25 of 1st period - Goal by Alexey Toropchenko - Atlantic City Gamblers : 0 - Cape Breton Oilers : 1.
17:26 of 1st period - Luke Kunin wins face-off versus Jack McBain in neutral zone.
17:31 of 1st period - Backhand shot by Luke Kunin.
17:31 of 1st period - Shot Misses the Net.
17:51 of 1st period - Egor Afanasyev is hit by Jean-Luc Foudy and loses puck.
18:21 of 1st period - Wrist shot by Hudson Fasching.
18:21 of 1st period - Shot Misses the Net.
18:23 of 1st period - Wrist shot by Hudson Fasching.
18:23 of 1st period - Stopped by Isaiah Saville with a rebound.
18:37 of 1st period - Off-side.
18:38 of 1st period - Egor Afanasyev wins face-off versus Luke Kunin in neutral zone.
18:43 of 1st period - Slapshot by Egor Afanasyev.
18:43 of 1st period - Shot Misses the Net.
18:45 of 1st period - Snap shot by Alexey Toropchenko.
18:45 of 1st period - Stopped by Isaiah Saville with a rebound.
18:47 of 1st period - Slapshot by Alexey Toropchenko.
18:47 of 1st period - Shot Misses the Net.
18:49 of 1st period - Slapshot by Egor Afanasyev.
18:49 of 1st period - Stopped by Isaiah Saville without a rebound.
18:50 of 1st period - Jack McBain wins face-off versus Luke Kunin in Atlantic City Gamblers zone.
18:51 of 1st period - Snap shot by Carl Grundstrom.
18:51 of 1st period - Deflect By Jack McBain.
18:51 of 1st period - Stopped by Isaiah Saville with a rebound.
18:53 of 1st period - Slapshot by Vladislav Kolyachonok.
18:53 of 1st period - Stopped by Isaiah Saville with a rebound.
18:55 of 1st period - Slapshot by Parker Kelly.
18:55 of 1st period - Shot Blocked by Ty Smith.
Goals for this period are 0 for Atlantic City Gamblers vs 1 for Cape Breton Oilers.
Shots for this period are 2 for Atlantic City Gamblers vs 9 for Cape Breton Oilers.
2nd period
0:01 of 2nd period - Jack McBain wins face-off versus Luke Kunin in neutral zone.
0:14 of 2nd period - Snap shot by Luke Kunin.
0:14 of 2nd period - Stopped by Jack LaFontaine with a rebound.
0:16 of 2nd period - Wrist shot by Cody Glass.
0:16 of 2nd period - Stopped by Jack LaFontaine without a rebound.
0:17 of 2nd period - Egor Afanasyev wins face-off versus Jean-Luc Foudy in Cape Breton Oilers zone.
0:22 of 2nd period - Snap shot by Alexey Toropchenko.
0:22 of 2nd period - Shot Misses the Net.
0:28 of 2nd period - Slapshot by Yegor Chinakhov.
0:28 of 2nd period - Stopped by Jack LaFontaine with a rebound.
0:30 of 2nd period - Snap shot by Yegor Chinakhov.
0:30 of 2nd period - Goal by Yegor Chinakhov - Atlantic City Gamblers : 1 - Cape Breton Oilers : 1.
0:31 of 2nd period - Jack McBain wins face-off versus Luke Kunin in neutral zone.
0:52 of 2nd period - Minor Penalty to Parker Kelly for Roughing.
0:53 of 2nd period - Jack McBain wins face-off versus Luke Kunin in Cape Breton Oilers zone.
1:08 of 2nd period - Snap shot by Nils Hoglander.
1:08 of 2nd period - Stopped by Jack LaFontaine with a rebound.
1:36 of 2nd period - Snap shot by Jack McBain.
1:36 of 2nd period - Goal by Jack McBain - Atlantic City Gamblers : 1 - Cape Breton Oilers : 2.
1:37 of 2nd period - Luke Kunin wins face-off versus Jack McBain in neutral zone.
1:44 of 2nd period - Snap shot by Cody Glass.
1:44 of 2nd period - Shot Misses the Net.
1:50 of 2nd period - Snap shot by Luke Kunin.
1:50 of 2nd period - Shot Blocked by Marcus Pettersson.
2:02 of 2nd period - Wrist shot by Yegor Chinakhov.
2:02 of 2nd period - Deflect By Jean-Luc Foudy.
2:02 of 2nd period - Shot Blocked by Marcus Pettersson.
2:02 of 2nd period - Puck is out of play.
2:03 of 2nd period - Jean-Luc Foudy wins face-off versus Jack McBain in Cape Breton Oilers zone.
2:06 of 2nd period - Snap shot by Boris Katchouk.
2:06 of 2nd period - Goal by Boris Katchouk - Atlantic City Gamblers : 2 - Cape Breton Oilers : 2.
2:07 of 2nd period - Luke Kunin wins face-off versus Carl Grundstrom in neutral zone.
2:14 of 2nd period - Snap shot by Luke Kunin.
2:14 of 2nd period - Stopped by Jack LaFontaine without a rebound.
2:15 of 2nd period - Jack McBain wins face-off versus Luke Kunin in Cape Breton Oilers zone.
2:20 of 2nd period - Snap shot by Luke Kunin.
2:20 of 2nd period - Shot Misses the Net.
2:26 of 2nd period - Wrist shot by Jack McBain.
2:26 of 2nd period - Shot Misses the Net.
2:28 of 2nd period - Slapshot by Juuso Valimaki.
2:28 of 2nd period - Shot Misses the Net.
2:30 of 2nd period - Snap shot by Marcus Pettersson.
2:30 of 2nd period - Stopped by Isaiah Saville with a rebound.
2:59 of 2nd period - Ty Smith is hit by Philip Broberg and loses puck.
3:18 of 2nd period - Cody Glass is hit by Jack McBain and loses puck.
3:35 of 2nd period - Slapshot by Cody Glass.
3:35 of 2nd period - Shot Misses the Net.
3:37 of 2nd period - Wrist shot by Yegor Chinakhov.
3:37 of 2nd period - Shot Hit the Post.
3:39 of 2nd period - Slapshot by Jean-Luc Foudy.
3:39 of 2nd period - Shot Misses the Net.
3:41 of 2nd period - Wrist shot by Yegor Chinakhov.
3:41 of 2nd period - Shot Misses the Net.
3:43 of 2nd period - Minor Penalty to Egor Afanasyev for Unsportsmanlike conduct.
3:44 of 2nd period - Jack McBain wins face-off versus Luke Kunin in Cape Breton Oilers zone.
4:31 of 2nd period - Snap shot by Nils Hoglander.
4:31 of 2nd period - Stopped by Jack LaFontaine with a rebound.
4:33 of 2nd period - Slapshot by Luke Kunin.
4:33 of 2nd period - Shot Misses the Net.
4:35 of 2nd period - Wrist shot by Nils Hoglander.
4:35 of 2nd period - Stopped by Jack LaFontaine without a rebound.
4:36 of 2nd period - Jack McBain wins face-off versus Jean-Luc Foudy in Cape Breton Oilers zone.
5:43 of 2nd period - Penalty to Egor Afanasyev is over, Egor Afanasyev is back on ice.
5:49 of 2nd period - Icing by Max Jones.
5:50 of 2nd period - Jakub Lauko wins face-off versus Max Jones in Cape Breton Oilers zone.
6:11 of 2nd period - Wrist shot by Egor Afanasyev.
6:11 of 2nd period - Deflect By Carl Grundstrom.
6:11 of 2nd period - Stopped by Isaiah Saville with a rebound.
6:13 of 2nd period - Wrist shot by Egor Afanasyev.
6:13 of 2nd period - Shot Misses the Net.
6:15 of 2nd period - Slapshot by Carl Grundstrom.
6:15 of 2nd period - Deflect By Egor Afanasyev.
6:15 of 2nd period - Stopped by Isaiah Saville with a rebound.
6:21 of 2nd period - Snap shot by Carl Grundstrom.
6:21 of 2nd period - Shot Misses the Net.
6:53 of 2nd period - Snap shot by Egor Afanasyev.
6:53 of 2nd period - Shot Misses the Net.
7:35 of 2nd period - Wrist shot by Cody Glass.
7:35 of 2nd period - Shot Blocked by Egor Afanasyev.
7:55 of 2nd period - Snap shot by Carl Grundstrom.
7:55 of 2nd period - Deflect By Egor Afanasyev.
7:55 of 2nd period - Stopped by Isaiah Saville with a rebound.
7:57 of 2nd period - Slapshot by Vladislav Kolyachonok.
7:57 of 2nd period - Shot Misses the Net.
8:07 of 2nd period - Snap shot by Carl Grundstrom.
8:07 of 2nd period - Shot Blocked by Luke Kunin.
8:11 of 2nd period - Wrist shot by Carl Grundstrom.
8:11 of 2nd period - Goal by Carl Grundstrom - Atlantic City Gamblers : 2 - Cape Breton Oilers : 3.
8:12 of 2nd period - Jack McBain wins face-off versus Jean-Luc Foudy in neutral zone.
8:15 of 2nd period - Callan Foote is hit by Juuso Valimaki and loses puck.
8:47 of 2nd period - Minor Penalty to Kody Clark for Hooking.
8:48 of 2nd period - Jack McBain wins face-off versus Jean-Luc Foudy in Cape Breton Oilers zone.
10:47 of 2nd period - Penalty to Kody Clark is over, Kody Clark is back on ice.
14:21 of 2nd period - Icing by Hudson Fasching.
14:22 of 2nd period - Kody Clark wins face-off versus Jean-Luc Foudy in Cape Breton Oilers zone.
14:24 of 2nd period - Icing by Hudson Fasching.
14:25 of 2nd period - Kody Clark wins face-off versus Jean-Luc Foudy in Cape Breton Oilers zone.
14:25 of 2nd period - Kody Clark is hit by Yegor Chinakhov.
15:11 of 2nd period - Will Cuylle is hit by Jean-Luc Foudy and loses puck.
16:13 of 2nd period - Snap shot by Boris Katchouk.
16:13 of 2nd period - Stopped by Jack LaFontaine without a rebound.
16:14 of 2nd period - Jack McBain wins face-off versus Jean-Luc Foudy in Cape Breton Oilers zone.
16:23 of 2nd period - Kevin Bahl is hit by Boris Katchouk and loses puck.
16:40 of 2nd period - Vladislav Kolyachonok is hit by Boris Katchouk and loses puck.
17:13 of 2nd period - Snap shot by Yegor Chinakhov.
17:13 of 2nd period - Stopped by Jack LaFontaine without a rebound.
17:14 of 2nd period - Luke Kunin wins face-off versus Egor Afanasyev in Cape Breton Oilers zone.
17:15 of 2nd period - Slapshot by Cody Glass.
17:15 of 2nd period - Stopped by Jack LaFontaine with a rebound.
17:29 of 2nd period - Wrist shot by Alexey Toropchenko.
17:29 of 2nd period - Stopped by Isaiah Saville with a rebound.
17:41 of 2nd period - Parker Kelly is hit by Alex Beaucage and loses puck.
18:22 of 2nd period - Minor Penalty to Kody Clark for Interference.
18:23 of 2nd period - Jack McBain wins face-off versus Luke Kunin in Cape Breton Oilers zone.
18:41 of 2nd period - Jack McBain is hit by Luke Kunin and loses puck.
18:52 of 2nd period - Slapshot by Yegor Chinakhov.
18:52 of 2nd period - Goal by Yegor Chinakhov - Atlantic City Gamblers : 3 - Cape Breton Oilers : 3.
18:53 of 2nd period - Jack McBain wins face-off versus Luke Kunin in neutral zone.
18:56 of 2nd period - Slapshot by Juuso Valimaki.
18:56 of 2nd period - Deflect By Cody Glass.
18:56 of 2nd period - Stopped by Isaiah Saville with a rebound.
19:25 of 2nd period - Snap shot by Yegor Chinakhov.
19:25 of 2nd period - Shot Blocked by Will Cuylle.
19:45 of 2nd period - Slapshot by Hudson Fasching.
19:45 of 2nd period - Shot Blocked by Egor Sokolov.
Goals for this period are 3 for Atlantic City Gamblers vs 2 for Cape Breton Oilers.
Shots for this period are 13 for Atlantic City Gamblers vs 8 for Cape Breton Oilers.
3rd period
0:01 of 3rd period - Jack McBain wins face-off versus Luke Kunin in neutral zone.
0:03 of 3rd period - Marcus Pettersson is hit by Callan Foote and loses puck.
0:14 of 3rd period - Wrist shot by Nils Hoglander.
0:14 of 3rd period - Shot Misses the Net.
0:16 of 3rd period - Slapshot by Ty Smith.
0:16 of 3rd period - Stopped by Jack LaFontaine with a rebound.
0:45 of 3rd period - Slapshot by Juuso Valimaki.
0:45 of 3rd period - Shot Blocked by Ronald Attard.
0:47 of 3rd period - Backhand shot by Hudson Fasching.
0:47 of 3rd period - Cape Breton Oilers goal is going for a video replay.
0:47 of 3rd period - The goal is good.
0:47 of 3rd period - Goal by Hudson Fasching - Atlantic City Gamblers : 3 - Cape Breton Oilers : 4.
0:48 of 3rd period - Luke Kunin wins face-off versus Jack McBain in neutral zone.
0:50 of 3rd period - Minor Penalty to Luke Kunin for High sticking.
0:51 of 3rd period - Jakub Lauko wins face-off versus Jack McBain in Atlantic City Gamblers zone.
0:51 of 3rd period - Jakub Lauko is hit by Jack McBain.
1:00 of 3rd period - Snap shot by Jakub Lauko.
1:00 of 3rd period - Stopped by Jack LaFontaine with a rebound.
1:26 of 3rd period - Cam Dineen is hit by Juuso Valimaki and loses puck.
2:15 of 3rd period - Callan Foote is hit by Egor Afanasyev and loses puck.
2:50 of 3rd period - Penalty to Luke Kunin is over, Luke Kunin is back on ice.
2:56 of 3rd period - Wrist shot by Kody Clark.
2:56 of 3rd period - Stopped by Isaiah Saville with a rebound.
3:04 of 3rd period - Hudson Fasching is hit by Luke Kunin and loses puck.
6:00 of 3rd period - Alex Beaucage is hit by Kody Clark and loses puck.
6:34 of 3rd period - Minor Penalty to Luke Evangelista for Interference.
6:35 of 3rd period - Jack McBain wins face-off versus Jean-Luc Foudy in Cape Breton Oilers zone.
6:45 of 3rd period - Slapshot by Ty Smith.
6:45 of 3rd period - Stopped by Jack LaFontaine with a rebound.
6:47 of 3rd period - Wrist shot by Jean-Luc Foudy.
6:47 of 3rd period - Shot Misses the Net.
7:01 of 3rd period - Marcus Pettersson is hit by Nils Hoglander and loses puck.
7:16 of 3rd period - Juuso Valimaki is hit by Cam Dineen and loses puck.
8:17 of 3rd period - Slapshot by Alexey Toropchenko.
8:17 of 3rd period - Shot Blocked by Luke Kunin.
8:34 of 3rd period - Penalty to Luke Evangelista is over, Luke Evangelista is back on ice.
8:38 of 3rd period - Slapshot by Marcus Pettersson.
8:38 of 3rd period - Shot Misses the Net.
9:09 of 3rd period - Icing by Luke Evangelista.
9:10 of 3rd period - Egor Afanasyev wins face-off versus Jean-Luc Foudy in Cape Breton Oilers zone.
9:49 of 3rd period - Snap shot by Jakub Lauko.
9:49 of 3rd period - Stopped by Jack LaFontaine without a rebound.
9:50 of 3rd period - Jakub Lauko wins face-off versus Jack McBain in Cape Breton Oilers zone.
9:53 of 3rd period - Slapshot by Ty Smith.
9:53 of 3rd period - Shot Misses the Net.
10:13 of 3rd period - Slapshot by Vladislav Kolyachonok.
10:13 of 3rd period - Shot Blocked by Nils Hoglander.
10:15 of 3rd period - Snap shot by Will Cuylle.
10:15 of 3rd period - Shot Misses the Net.
10:17 of 3rd period - Slapshot by Vladislav Kolyachonok.
10:17 of 3rd period - Deflect By Alexey Toropchenko.
10:17 of 3rd period - Shot Blocked by Cody Glass.
10:17 of 3rd period - Puck is out of play.
10:18 of 3rd period - Egor Afanasyev wins face-off versus Nils Hoglander in Atlantic City Gamblers zone.
10:19 of 3rd period - Slapshot by Alexey Toropchenko.
10:19 of 3rd period - Stopped by Isaiah Saville with a rebound.
10:42 of 3rd period - Icing by Marcus Pettersson.
10:43 of 3rd period - Jean-Luc Foudy wins face-off versus Parker Kelly in Cape Breton Oilers zone.
10:44 of 3rd period - Wrist shot by Yegor Chinakhov.
10:44 of 3rd period - Shot Misses the Net.
12:00 of 3rd period - Will Cuylle is hit by Luke Kunin and loses puck.
12:55 of 3rd period - Cody Glass is hit by Jack McBain and loses puck.
13:24 of 3rd period - Icing by Jack McBain.
13:25 of 3rd period - Jack McBain wins face-off versus Luke Kunin in Cape Breton Oilers zone.
13:27 of 3rd period - Icing by Juuso Valimaki.
13:28 of 3rd period - Egor Afanasyev wins face-off versus Luke Kunin in Cape Breton Oilers zone.
13:41 of 3rd period - Snap shot by Luke Kunin.
13:41 of 3rd period - Stopped by Jack LaFontaine with a rebound.
14:00 of 3rd period - Snap shot by Hudson Fasching.
14:00 of 3rd period - Stopped by Isaiah Saville with a rebound.
14:02 of 3rd period - Slapshot by Vladislav Kolyachonok.
14:02 of 3rd period - Stopped by Isaiah Saville with a rebound.
14:04 of 3rd period - Wrist shot by Hudson Fasching.
14:04 of 3rd period - Shot Blocked by Layton Ahac.
14:06 of 3rd period - Slapshot by Kody Clark.
14:06 of 3rd period - Stopped by Isaiah Saville with a rebound.
14:08 of 3rd period - Wrist shot by Max Jones.
14:08 of 3rd period - Shot Blocked by Luke Kunin.
14:10 of 3rd period - Snap shot by Max Jones.
14:10 of 3rd period - Stopped by Isaiah Saville with a rebound.
14:37 of 3rd period - Icing by Xavier Bernard.
14:38 of 3rd period - Egor Afanasyev wins face-off versus Jakub Lauko in Atlantic City Gamblers zone.
14:39 of 3rd period - Wrist shot by Alexey Toropchenko.
14:39 of 3rd period - Stopped by Isaiah Saville with a rebound.
14:41 of 3rd period - Snap shot by Egor Afanasyev.
14:41 of 3rd period - Shot Blocked by Alex Beaucage.
14:45 of 3rd period - Snap shot by Egor Afanasyev.
14:45 of 3rd period - Shot Misses the Net.
14:47 of 3rd period - Snap shot by Marcus Pettersson.
14:47 of 3rd period - Deflect By Alexey Toropchenko.
14:47 of 3rd period - Stopped by Isaiah Saville with a rebound.
14:49 of 3rd period - Wrist shot by Marcus Pettersson.
14:49 of 3rd period - Shot Blocked by Egor Sokolov.
14:51 of 3rd period - Wrist shot by Will Cuylle.
14:51 of 3rd period - Stopped by Isaiah Saville with a rebound.
15:05 of 3rd period - Snap shot by Jean-Luc Foudy.
15:05 of 3rd period - Shot Blocked by Juuso Valimaki.
15:07 of 3rd period - Backhand shot by Yegor Chinakhov.
15:07 of 3rd period - Atlantic City Gamblers goal is going for a video replay.
15:07 of 3rd period - The goal is good.
15:07 of 3rd period - Goal by Yegor Chinakhov - Atlantic City Gamblers : 4 - Cape Breton Oilers : 4.
15:08 of 3rd period - Luke Kunin wins face-off versus Parker Kelly in neutral zone.
15:13 of 3rd period - Snap shot by Cody Glass.
15:13 of 3rd period - Shot Blocked by Kody Clark.
15:40 of 3rd period - Slapshot by Ronald Attard.
15:40 of 3rd period - Deflect By Egor Afanasyev.
15:40 of 3rd period - Stopped by Jack LaFontaine with a rebound.
15:58 of 3rd period - Kevin Bahl is hit by Alex Beaucage.
16:07 of 3rd period - Off-side.
16:08 of 3rd period - Jean-Luc Foudy wins face-off versus Egor Afanasyev in neutral zone.
16:13 of 3rd period - Snap shot by Boris Katchouk.
16:13 of 3rd period - Goal by Boris Katchouk - Atlantic City Gamblers : 5 - Cape Breton Oilers : 4.
16:14 of 3rd period - Kody Clark wins face-off versus Luke Kunin in neutral zone.
16:19 of 3rd period - Slapshot by Marcus Pettersson.
16:19 of 3rd period - Stopped by Isaiah Saville with a rebound.
16:51 of 3rd period - Minor Penalty to Boris Katchouk for Roughing.
16:52 of 3rd period - Jack McBain wins face-off versus Luke Kunin in Atlantic City Gamblers zone.
17:34 of 3rd period - Slapshot by Marcus Pettersson.
17:34 of 3rd period - Goal by Marcus Pettersson - Atlantic City Gamblers : 5 - Cape Breton Oilers : 5.
17:35 of 3rd period - Jack McBain wins face-off versus Luke Kunin in neutral zone.
17:38 of 3rd period - Snap shot by Kody Clark.
17:38 of 3rd period - Shot Misses the Net.
18:00 of 3rd period - Jean-Luc Foudy is hit by Alexey Toropchenko.
18:10 of 3rd period - Slapshot by Yegor Chinakhov.
18:10 of 3rd period - Shot Misses the Net.
18:24 of 3rd period - Slapshot by Jakub Lauko.
18:24 of 3rd period - Stopped by Jack LaFontaine with a rebound.
18:26 of 3rd period - Slapshot by Michael Vukojevic.
18:26 of 3rd period - Shot Misses the Net.
18:28 of 3rd period - Slapshot by Michael Vukojevic.
18:28 of 3rd period - Stopped by Jack LaFontaine without a rebound.
18:29 of 3rd period - Jakub Lauko wins face-off versus Kody Clark in Cape Breton Oilers zone.
18:55 of 3rd period - Alex Beaucage is hit by Marcus Pettersson and loses puck.
19:10 of 3rd period - Ty Smith is hit by Vladislav Kolyachonok and loses puck.
19:21 of 3rd period - Wrist shot by Egor Sokolov.
19:21 of 3rd period - Stopped by Jack LaFontaine with a rebound.
19:23 of 3rd period - Snap shot by Alex Beaucage.
19:23 of 3rd period - Shot Misses the Net.
19:25 of 3rd period - Wrist shot by Alex Beaucage.
19:25 of 3rd period - Shot Blocked by Kevin Bahl.
19:33 of 3rd period - Egor Sokolov is hit by Vladislav Kolyachonok and loses puck.
19:42 of 3rd period - Wrist shot by Egor Sokolov.
19:42 of 3rd period - Stopped by Jack LaFontaine with a rebound.
19:44 of 3rd period - Snap shot by Jakub Lauko.
19:44 of 3rd period - Shot Misses the Net.
Goals for this period are 2 for Atlantic City Gamblers vs 2 for Cape Breton Oilers.
Shots for this period are 12 for Atlantic City Gamblers vs 12 for Cape Breton Oilers.
Overtime #1
0:01 of 1st overtime period - Luke Kunin wins face-off versus Jack McBain in neutral zone.
0:12 of 1st overtime period - Snap shot by Cody Glass.
0:12 of 1st overtime period - Deflect By Luke Kunin.
0:12 of 1st overtime period - Shot Blocked by Marcus Pettersson.
0:12 of 1st overtime period - Puck is out of play.
0:13 of 1st overtime period - Jack McBain wins face-off versus Luke Kunin in Cape Breton Oilers zone.
0:15 of 1st overtime period - Minor Penalty to Juuso Valimaki for Holding.
0:16 of 1st overtime period - Jack McBain wins face-off versus Luke Kunin in Cape Breton Oilers zone.
0:32 of 1st overtime period - Wrist shot by Luke Kunin.
0:32 of 1st overtime period - Goal by Luke Kunin - Atlantic City Gamblers : 6 - Cape Breton Oilers : 5.
Goals for this period are 1 for Atlantic City Gamblers vs 0 for Cape Breton Oilers.
Shots for this period are 1 for Atlantic City Gamblers vs 0 for Cape Breton Oilers.
Back to the Top